 Dungeon Crawl Stone Soup version 0.29.1-15-g9cfb28693d (webtiles) character file.

Game seed: 10261323554046362929

291 croobank the Covert (level 6, -6/43 HPs)
             Began as an Octopode Delver on Mar 5, 2023.
             Mangled by an ogre
             ... wielding a +0 giant club
              (21 damage)
             ... on level 4 of the Dungeon.
             The game lasted 00:10:02 (3936 turns).

croobank the Covert (Octopode Delver)               Turns: 3936, Time: 00:10:03

Health: -6/43      AC:  1    Str: 11    XL:     6   Next: 32%
Magic:  6/6        EV: 14    Int: 15    God:
Gold:   223        SH:  0    Dex: 13    Spells: 5/5 levels left

rFire   . . .      SeeInvis .   d - +0 flail
rCold   . . .      Faith    .   (no shield)
rNeg    + . .      Spirit   .   (helmet restricted)
rPois   .          Reflect  .   (no amulet)
rElec   .          Harm     .   c - ring of positive energy
rCorr   .          Rampage  .   (no ring)
Will    .....                   (no ring)
Stlth   +++++.....              (no ring)
HPRegen 0.14/turn               (no ring)
MPRegen 0.10/turn               (no ring)
                                (no ring)
                                (no ring)

@: studying Fighting
A: almost no armour, amphibious, 8 rings, camouflage 1, gelatinous body 1,
(nimble swimmer 1), tentacles
a: no special abilities


You were on level 4 of the Dungeon.
You visited 1 branch of the dungeon, and saw 6 of its levels.

You collected 223 gold pieces.

Inventory:

Hand Weapons
 a - a +0 hand axe
 d - a +0 flail (weapon)
 g - a +0 rapier
 h - a +0 dagger
 k - a +0 dagger of venom
 l - a +0 falchion
 y - a +1 short sword of electrocution
Jewellery
 c - a ring of positive energy (left tentacle)
Wands
 f - a wand of digging (3)
 m - a wand of flame (17)
 r - a wand of paralysis (6)
Scrolls
 b - a scroll of fog
 n - 3 scrolls of teleportation
 s - a scroll of fear
 v - a scroll of poison
Potions
 e - a potion of haste
 i - a potion of flight
 j - a potion of invisibility
 o - a potion of mutation {unknown}
 u - a potion of degeneration {unknown}
 w - a potion of curing {unknown}
 x - a potion of brilliance {unknown}


   Skills:
 + Level 4.3 Fighting
 + Level 3.5 Axes
 + Level 3.6 Dodging
 + Level 8.0 Stealth


You had 5 spell levels left.
You didn't know any spells.
Your spell library was empty.

Dungeon Overview and Level Annotations

Branches:
Dungeon (6/15)
 Temple: D:4-7

Altars:
Cheibriados
Uskayaw
Vehumet
Zin
The Shining One

Annotations:
D:3 3 runed translucent doors, leafyfresh's ghost, amateur OpDe


Innate Abilities, Weirdness & Mutations

You cannot wear most types of armour.
You are amphibious.
You can wear up to eight rings at the same time.
Your skin changes colour to match your surroundings (Stealth+).
Your rubbery body absorbs attacks. (AC +1, EV +1)
((You are camouflaged when in or above water. (Stealth+)))
You have tentacles for arms and can constrict up to eight enemies at once.


Message History

n - 3 scrolls of teleportation (gained 1)
You now have 223 gold pieces (gained 13).
Things that are here:
a +0 dagger; a kobold corpse A hobgoblin comes into view.
The hobgoblin shouts!
A hobgoblin is nearby!
Found an ominously black robe.
An ogre comes into view. It is wielding a +0 giant club.
The hobgoblin misses you.
The ogre shouts!
You hit the hobgoblin but do no damage. You grab the hobgoblin.
You constrict the hobgoblin. The hobgoblin misses you.
You hit the hobgoblin.
You kill the hobgoblin!
A goblin comes into view. It is wielding a +0 dagger.
The goblin shouts!
You hit the ogre. You squeeze the ogre!
The ogre is heavily wounded.
The ogre closely misses you.
You sock the ogre!
The ogre is severely wounded.
The ogre hits you with a +0 giant club!!
Ouch! That really hurt!
You are too injured to fight recklessly!
You are too injured to fight recklessly!
You are too injured to fight recklessly!
You are too injured to fight recklessly!
You are too injured to fight recklessly!
Okay, then.
Okay, then.
You barely miss the ogre.
The ogre is severely wounded.
You hit the ogre.
The ogre is severely wounded.
The ogre misses you.
You barely miss the ogre.
The ogre is severely wounded.
The ogre hits you with a +0 giant club!!
You die...

#......########
######.# #.# #.#
#.# #.# #.# #.#
#@# #O# #g# #.#
*******
#[#*********,,,,,,
#..,,,,,,,**,,,,,,
#..,,,,,,,**,,,,,,
#..,,,,,,,****,,,,
*,,,,,,,,,* *,,,,


You could see an ogre and a goblin.

Vanquished Creatures
  A bullfrog (D:4)
  A hound (D:4)
  An orc priest (D:4)
  Jessica (D:2)
  5 adders
  2 worms
  2 dart slugs
  8 orcs
  3 ball pythons
  6 endoplasms
  8 giant cockroaches
  4 goblins
  7 hobgoblins
  5 jackals
  7 kobolds
  5 quokkas
  5 bats
  3 frilled lizards
  6 rats
80 creatures vanquished.

Vanquished Creatures (others)
  A plant (D:3)
1 creature vanquished.

Grand Total: 81 creatures vanquished

Notes
Turn   | Place    | Note
-------+----------+-------------------------------------------
     0 | D:5      | croobank the Octopode Delver began the quest for the Orb.
     0 | D:5      | Reached XP level 1. HP: 16/16 MP: 1/1
    33 | D:6      | Noticed an ice beast
    33 | D:6      | Noticed an ogre
    46 | D:5      | Noticed a hound
    53 | D:5      | Noticed an ogre
    73 | D:4      | Noticed a +0 falchion
    74 | D:4      | Noticed a +0 spear
    74 | D:4      | Noticed a +0 dagger
    74 | D:4      | Noticed a +0 dagger
   220 | D:3      | Reached XP level 2. HP: 21/21 MP: 2/2
   377 | D:3      | Found a radiant altar of Vehumet.
   377 | D:3      | Found a glowing silver altar of Zin.
   378 | D:3      | Found a snail-covered altar of Cheibriados.
   467 | D:3      | Found a runed translucent gate.
   467 | D:3      | Found a runed translucent gate.
   469 | D:3      | Found a runed translucent gate.
   470 | D:3      | Noticed leafyfresh's ghost (amateur OpDe)
   664 | D:3      | Reached XP level 3. HP: 15/26 MP: 3/3
   849 | D:3      | Reached skill level 7 in Stealth
   975 | D:4      | Noticed a +0 short sword
   978 | D:4      | Noticed a +0 short sword
   978 | D:4      | Noticed a +0 spear
   979 | D:4      | Noticed a +0 falchion
   980 | D:4      | Found a hide-covered altar of Uskayaw.
  1006 | D:4      | Reached XP level 4. HP: 26/31 MP: 4/4
  1182 | D:3      | Found a glowing golden altar of the Shining One.
  1222 | D:3      | Found a faded altar of an unknown god.
  2292 | D:2      | Noticed Jessica
  2306 | D:2      | Killed Jessica
  2307 | D:2      | Reached XP level 5. HP: 32/37 MP: 5/5
  3353 | D:4      | Reached XP level 6. HP: 43/43 MP: 6/6
  3634 | D:4      | Reached skill level 8 in Stealth
  3936 | D:4      | Mangled by an ogre

Illustrated notes

Levels and vault maps discovered:
D:1:      minmay_arrival_four_loops, layout_basic
D:2:      layout_basic, uniq_jessica
D:3:      kennysheep_six_static_rooms, layout_loops_ring, tso_oasis_becter,
          nicolae_overflow_hidden_temple, ebering_ecumenical_altar_hall,
          ebering_ghost_rock_garden, guppyfry_early_lair_pool
D:4:      layout_basic, nicolae_uskayaw_en_pointe
D:5:      layout_basic, kiku_gazebo_garden_becter, led_sif_book,
          nrook_mini_vaults, chequers_garden, chequers_serial_rivers_micro_d
D:6:      layout_rooms, old_standard_altar, minmay_temple_entry_glass,
          nicolae_elemental_shop

Skill      XL: |  1  2  3  4  5  6 |
---------------+-------------------+-----
Stealth        | 7 8 |  8.0
Axes           | 3 |  3.5
Dodging        | 3 |  3.6
Fighting       | 4 |  4.3

Action                   |  1- 3 |  4- 6 || total
-------------------------+-------+-------++-------
Melee: Hand axe          |    30 |       ||    30
       Tentacles         |    11 |    16 ||    27
       Constrict         |    10 |    24 ||    34
       Punch             |     1 |       ||     1
       Flail             |     9 |   107 ||   116
Evoke: Wand              |       |     1 ||     1
  Use: Scroll            |     2 |     8 ||    10
 Stab: Sleeping          |     5 |    23 ||    28
       Distracted        |       |     1 ||     1
       Paralysed         |       |     3 ||     3
Armor: Skin              |     1 |     6 ||     7
Dodge: Dodged            |    25 |    47 ||    72
